 Dungeon Crawl Stone Soup version 0.30-a0-395-gfe72c296f8 (webtiles) character file.

Game seed: 16316022154242951840

1133 Bnni the Cudgeller (level 7, -5/60 (61) HPs)
             Began as a Demigod Fighter on Dec 7, 2022.
             Slain by an ogre
             ... wielding a +0 giant spiked club
              (18 damage)
             ... on level 5 of the Dungeon.
             The game lasted 00:08:22 (4896 turns).

Bnni the Cudgeller (Demigod Fighter)                Turns: 4896, Time: 00:08:22

HP:   -5/60 (61)    AC: 13    Str: 25    XL:     7   Next: 90%
MP:   9/9           EV:  7    Int: 10    God:
Gold: 382           SH:  5    Dex: 13    Spells: 6/6 levels left

rFire   + . .      SeeInvis .    l - +2 whip (elec)
rCold   . . .      Faith    .    c - +0 buckler
rNeg    . . .      Spirit   .    r - +0 chain mail
rPois   .          Reflect  .    a - +2 helmet
rElec   .          Harm     .    d - +0 cloak
rCorr   .          Rampage  .    (no gloves)
Will    .....                    (no boots)
Stlth   ..........               (no amulet)
HPRegen 0.30/turn                y - ring of protection from fire
MPRegen 0.11/turn                (no ring)

@: lightly drained
A: high MP 1, forlorn, divine attributes
a: no special abilities


You were on level 5 of the Dungeon.
You visited 1 branch of the dungeon, and saw 5 of its levels.
You also visited: Sewer.

You collected 382 gold pieces.

Inventory:

Hand Weapons
 l - a +2 whip of electrocution (weapon)
Missiles
 u - 4 boomerangs (quivered)
Armour
 a - a +2 helmet (worn)
 c - a +0 buckler (worn)
 d - a +0 cloak (worn)
 r - a +0 chain mail (worn)
Jewellery
 y - a ring of protection from fire (left hand)
Wands
 z - a wand of charming (6)
Scrolls
 b - 2 scrolls of immolation {unknown}
 f - a scroll of noise {unknown}
 g - a scroll of butterflies
 h - a scroll of magic mapping {unknown}
 i - a scroll of summoning {unknown}
 j - a scroll of brand weapon
 k - a scroll of enchant weapon {unknown}
 m - 3 scrolls of fear {unknown}
 n - a scroll of silence {unknown}
 p - 2 scrolls of blinking {unknown}
 q - 5 scrolls of teleportation {unknown}
 v - a scroll of amnesia {unknown}
Potions
 e - 2 potions of mutation
 o - a potion of flight {unknown}
 x - a potion of lignification {unknown}


   Skills:
 + Level 5.2 Fighting
 * Level 6.5 Maces & Flails
 - Level 2.6 Armour
 - Level 5.0 Shields


You had 6 spell levels left.
You didn't know any spells.
Your spell library contained the following spells:

 Spells                   Type           Power      Damage    Failure   Level
 Kiss of Death            Conj/Necr      0%         2d5       98%         1
 Confusing Touch          Hex            0%         N/A       100%        3
 Portal Projectile        Hex/Tloc       0%         N/A       100%        3
 Tukima's Dance           Hex            0%         N/A       100%        3
 Dispel Undead            Necr           0%         3d6       100%        4
 Blade Hands              Tmut           0%         N/A       100%        5
 Borgnjor's Revivificati  Necr           0%         N/A       100%        8
 Necromutation            Tmut/Necr      0%         N/A       100%        8
 Death's Door             Necr           0%         N/A       100%        9


Dungeon Overview and Level Annotations

Branches:
Dungeon (5/15)             Temple (0/1) D:4           Sewer (visited)


Innate Abilities, Weirdness & Mutations

You have an increased reservoir of magic. (+10% MP)
You shall have no god before yourself.
Your divine heritage dramatically boosts your attributes as you level up.


Message History

You destroy the necrophage!
Unknown command.
No target in view!
No target in view!
No target in view!
An ogre is nearby!
The ogre shouts!
Throw: 4 boomerangs
Press: ? - help, Shift-Dir - straight line, f - ogre
Aim: an ogre, wielding a +0 giant spiked club (74% to hit)
You throw a boomerang. The boomerang hits the ogre.
The ogre is lightly wounded.
Throw: 4 boomerangs
Press: ? - help, Shift-Dir - straight line, f/p - ogre
Aim: an ogre, wielding a +0 giant spiked club (lightly wounded, 74% to hit)
You throw a boomerang. The boomerang hits the ogre!
The ogre is moderately wounded.
Throw: 4 boomerangs
Press: ? - help, Shift-Dir - straight line, f/p - ogre
Aim: an ogre, wielding a +0 giant spiked club (moderately wounded, 74% to hit)
You throw a boomerang. The boomerang barely misses the ogre.
Throw: 4 boomerangs
Press: ? - help, Shift-Dir - straight line, f/p - ogre
Aim: an ogre, wielding a +0 giant spiked club (moderately wounded, 74% to hit)
You throw a boomerang. The boomerang hits the ogre.
The ogre is moderately wounded.
The ogre hits you with a +0 giant spiked club!
You hit the ogre.
The ogre is heavily wounded.
You closely miss the ogre.
The ogre is heavily wounded.
The ogre hits you with a +0 giant spiked club!!
* * * LOW HITPOINT WARNING * * *
You are too injured to fight recklessly!
You hit the ogre.
The ogre is severely wounded.
You hit the ogre.
The ogre is severely wounded.
The ogre hits you with a +0 giant spiked club!!
You die...

...... ......
###.....#..## .>....
..#.........# ...#... .
........... ...#..# ...
.(....... #.....#.
...###(....# .##.....
#.........# .......
#......†.## ....##.
#....O@...# ....#
#..........# ..>.##
..........##
.....##...........###
.............##...!.#
###.###...##.......##
.#..l.#.## #..##...###
##.......###...##....##
...)..................##


You could see an ogre.

Vanquished Creatures
  A steam dragon (D:5)
  Pargi (Sewer)
  2 black bears
  2 phantoms (D:5)
  A necrophage (D:5)
  2 scorpions
  Crazy Yiuf (D:2)
  2 jellies (D:2)
  An iguana (D:5)
  An orc wizard (D:5)
  10 gnolls
  2 adders
  A river rat (D:3)
  4 worms
  A dart slug (D:5)
  10 orcs
  14 endoplasms
  3 giant cockroaches
  6 goblins
  5 hobgoblins
  9 jackals (D:1)
  10 kobolds
  5 quokkas
  10 ball pythons
  8 bats
  7 frilled lizards
  8 rats
127 creatures vanquished.

Vanquished Creatures (others)
  6 fungi (D:2)
  8 toadstools (D:2)
14 creatures vanquished.

Grand Total: 141 creatures vanquished

Notes
Turn   | Place    | Note
-------+----------+-------------------------------------------
     0 | D:1      | Bnni the Demigod Fighter began the quest for the Orb.
     0 | D:1      | Reached XP level 1. HP: 18/18 MP: 3/3
    70 | D:1      | Reached skill level 2 in Maces & Flails
    70 | D:1      | Reached XP level 2. HP: 11/25 MP: 4/4
   539 | D:1      | Reached XP level 3. HP: 30/31 MP: 5/5
   770 | D:2      | Found a runed translucent door.
   771 | D:2      | Noticed Crazy Yiuf
   846 | D:2      | Killed Crazy Yiuf
  1142 | D:2      | Reached XP level 4. HP: 37/38 MP: 6/6
  1161 | D:2      | Reached skill level 3 in Maces & Flails
  1519 | D:2      | Reached XP level 5. HP: 45/45 MP: 7/7
  2287 | D:3      | Found a glowing drain.
  2300 | Sewer    | Entered a sewer
  2328 | Sewer    | Noticed Pargi
  2356 | Sewer    | HP: 1/45 [Pargi (2)]
  2358 | Sewer    | Killed Pargi
  2646 | D:3      | Reached skill level 4 in Maces & Flails
  3271 | D:4      | Reached XP level 6. HP: 52/52 MP: 8/8
  3280 | D:4      | Found a staircase to the Ecumenical Temple.
  4120 | D:4      | Reached skill level 5 in Shields
  4284 | D:5      | Entered Level 5 of the Dungeon
  4406 | D:5      | Reached skill level 5 in Maces & Flails
  4406 | D:5      | Reached XP level 7. HP: 49/60 MP: 9/9
  4794 | D:5      | Reached skill level 6 in Maces & Flails
  4848 | D:5      | Noticed a steam dragon
  4859 | D:5      | Killed a steam dragon
  4860 | D:5      | Reached skill level 5 in Fighting
  4896 | D:5      | Slain by an ogre

Illustrated notes

Levels and vault maps discovered:
D:1:      minmay_arrival_loop, layout_loops_cross,
          hellmonk_ecumenical_altar_heavens_door, kennysheep_pointless_box
D:2:      cheibrodos_fertilizer, layout_basic, minmay_fountain_box,
          minmay_vboxes, uniq_crazy_yiuf_cottage
D:3:      layout_loops_corners, mainiacjoe_overflow_small_starburst,
          nicolae_hepliaklqana_hazy_memory, portal_sewer_entry_b,
          chequers_serial_rivers_small_b, chequers_serial_rivers_micro_b,
          minmay_liquid_box
D:4:      layout_basic, grunt_temple_overflow_growth_and_decay,
          minmay_temple_entry_ruins, minmay_starry_boxes
D:5:      layout_cave_pools, serial_shops, kennysheep_little_box

Skill      XL: |  1  2  3  4  5  6  7 |
---------------+----------------------+-----
Maces & Flails | 2 3 4 5 6 |  6.5
Shields        | 3 4 5 |  5.0
Fighting       | 3 4 5 |  5.2
Armour         | |  2.6

Action                   |  1- 3 |  4- 6 |  7- 9 || total
-------------------------+-------+-------+-------++-------
Melee: Flail             |   112 |   217 |       ||   329
       Whip              |       |    42 |    87 ||   129
Throw: Boomerang         |       |       |     4 ||     4
       Dart              |       |       |     3 ||     3
  Use: Potion            |     1 |     1 |     4 ||     6
       Scroll            |       |     6 |       ||     6
 Stab: Invisible         |     1 |       |       ||     1
Armor: Scale mail        |    64 |    84 |       ||   148
       Chain mail        |       |    82 |    55 ||   137
Dodge: Dodged            |    63 |   113 |    41 ||   217
Block: Buckler           |    39 |    69 |    24 ||   132

Table legend: (Time is in decaauts)
 A = Elapsed time spent in this place.
 B = Non-inter-level travel time spent in this place.
 C = Inter-level travel time spent in this place.
 D = Time resting spent in this place.
 E = Time spent auto-exploring this place.
 F = Levels seen in this place.
 G = Mean time per level.
                   A        B        C        D        E       F      G
               +--------+--------+--------+--------+--------+-----+--------+
         Total |   4971 |   4823 |    148 |    438 |   3303 |   6 |  828.5 |
       Dungeon |   4703 |   4555 |    148 |    276 |   3292 |   5 |  940.6 |
         Sewer |    268 |    268 |      0 |    162 |     11 |   1 |  268.0 |
               +--------+--------+--------+--------+--------+-----+--------+

Top non-repeatable levels by time:
     D:4: 1267 daAuts
     D:2: 1234 daAuts
     D:3: 968 daAuts
     D:1: 843 daAuts
     D:5: 389 daAuts
   Sewer: 268 daAuts
